AoeStats
← SkOrPiO

Oasis

508529467Analyzed
4v4 RM · 9d ago on Sep 22, 2026· 36m 38s· 8 players
Game mode
Random Map
Map size
Large (8 player)
Population
200
Speed
Normal
Resources
Standard
Victory
Conquest
Starting age
Dark Age
Ending age
Imperial Age
RankedLock teamsTeams togetherTeam positionsShared explorationLock speedFull tech treeHidden civsTurbo modeCheats
Victory
Defeat
🇺🇸 Koreans · United States
1379
+20
🇹🇼 Byzantines · Taiwan
1374
+20
🇺🇸 Random · United States
1374
+20
🇦🇷 Cumans · Argentina
1352
+21
🇧🇷 Franks · Brazil
1673
-28
🇧🇷 Magyars · Brazil
1564
-25
🇧🇷 Italians · Brazil
1437
-19
🇧🇷 Britons · Brazil
1191
-9
hkc02
6:42 Loom
10:07 Feudal Age
10:51 Double-Bit Axe
15:06 Fletching
20:31 Castle Age
20:24 Horse Collar
20:34 Crossbowman
21:20 Thumb Ring
21:35 Bodkin Arrow
25:31 Bow Saw
27:53 Gold Mining
28:41 Wheelbarrow
33:04 Imperial Age
33:09 Arbalester
33:50 Bracer
34:52 Chemistry
34:33 Conscription
35:38 Ballistics
36:22 Stone Mining
37:08 Gold Shaft Mining
mikeymazko
6:40 Loom
9:25 Feudal Age
9:55 Double-Bit Axe
14:50 Horse Collar
18:51 Gold Mining
21:08 Castle Age
19:55 Bloodlines
21:18 Wheelbarrow
22:09 Bow Saw
22:00 Heavy Plow
22:12 Scale Barding Armor
23:29 Chain Barding Armor
26:25 Forging
28:24 Iron Casting
33:40 Hand Cart
34:05 Husbandry
eloty
6:44 Loom
8:55 Feudal Age
10:47 Wheelbarrow
11:14 Double-Bit Axe
12:45 Horse Collar
20:10 Castle Age
21:19 Bow Saw
21:31 Heavy Plow
22:24 Stone Mining
23:18 Hand Cart
23:19 Gold Mining
28:05 Imperial Age
26:44 Scale Barding Armor
26:50 Forging
27:10 Bloodlines
27:47 Town Watch
28:18 Steppe Husbandry
28:40 Chain Barding Armor
29:16 Conscription
28:38 Elite Steppe Lancer
30:26 Plate Barding Armor
31:32 Iron Casting
34:37 Blast Furnace
ss839059
6:02 Loom
9:08 Feudal Age
16:06 Double-Bit Axe
16:02 Horse Collar
25:43 Castle Age
24:09 Fletching
29:58 Elite Skirmisher
[LCDR] Alone
10:30 Feudal Age
12:17 Wheelbarrow
14:36 Castle Age
13:59 Double-Bit Axe
16:03 Bow Saw
19:18 Loom
28:25 Imperial Age
27:12 Gold Mining
28:03 Scale Barding Armor
28:10 Forging
28:42 Husbandry
28:59 Hand Cart
28:29 Cavalier
30:12 Chain Barding Armor
30:04 Paladin
31:21 Iron Casting
32:13 Chemistry
31:45 Chivalry
33:06 Conscription
33:38 Plate Barding Armor
35:16 Blast Furnace
[LCDR] PERTUBADO
7:14 Loom
13:18 Feudal Age
23:24 Castle Age
22:18 Double-Bit Axe
24:44 Bow Saw
26:24 Horse Collar
31:44 Fletching
32:20 Arson
32:35 Squires
31:56 Pikeman
32:36 Elite Skirmisher
33:20 Padded Archer Armor
36:53 Wheelbarrow
SkOrPiO
6:32 Loom
6:43 Loom
9:01 Feudal Age
9:38 Double-Bit Axe
16:14 Horse Collar
20:20 Castle Age
19:26 Bloodlines
19:23 Scale Barding Armor
20:38 Fletching
21:02 Husbandry
21:33 Bow Saw
21:23 Light Cavalry
25:18 Chain Barding Armor
28:32 Padded Archer Armor
30:39 Leather Archer Armor
31:18 Wheelbarrow
31:58 Wheelbarrow
34:29 Heavy Plow
[LCDR]Hilstinho
6:12 Loom
8:59 Feudal Age
13:27 Fletching
21:06 Castle Age
19:33 Padded Archer Armor
21:23 Crossbowman
22:29 Bodkin Arrow
22:46 Double-Bit Axe
27:31 Leather Archer Armor
29:48 Bow Saw
30:30 Ballistics
30:51 Thumb Ring
32:36 Horse Collar
Connection lost

Rejoining the realm…

Still unreachable

The connection could not be restored.

Session expired

The server has moved on; the page needs a fresh start.